 Dungeon Crawl Stone Soup version 0.22-a0-159-g7ce444f (webtiles) character file.

50 Sinthome the Skirmisher (level 3, -3/33 HPs)
             Began as a Hill Orc Fighter on Feb 9, 2018.
             Slain by Sinthome's ghost (12 damage)
             ... on level 3 of the Dungeon.
             The game lasted 00:03:00 (1446 turns).

Sinthome the Skirmisher (Hill Orc Fighter)          Turns: 1446, Time: 00:03:01

Health: -3/33      AC:  5    Str: 23    XL:     3   Next: 79%
Magic:  3/3        EV:  8    Int:  8    God:
Gold:   56         SH:  9    Dex: 11    Spells: 2/2 levels left

rFire    . . .     SeeInvis .   a - +1 war axe
rCold    . . .     Gourm    .   c - +0 shield
rNeg     . . .     Faith    .   m - +0 ring mail
rPois    .         Spirit   .   (no helmet)
rElec    .         Reflect  .   (no cloak)
rCorr    .         Harm     .   (no gloves)
MR       .....                  (no boots)
Stlth    ++........             (no amulet)
HPRegen  0.11/turn              e - ring of stealth
MPRegen  0.08/turn              (no ring)

@: mighty, very slightly contaminated, invisible
A: no striking features
a: no special abilities


You were on level 3 of the Dungeon.
You were near starving.

You visited 1 branch of the dungeon, and saw 3 of its levels.

You collected 56 gold pieces.

Inventory:

Hand Weapons
 a - a +1 war axe (weapon)
Armour
 c - a +0 shield (worn)
 m - a +0 ring mail (worn)
Jewellery
 e - a ring of stealth (left hand)
Scrolls
 g - a scroll of teleportation
 l - a scroll of identify
Potions
 b - a potion of invisibility
 k - a potion of heal wounds
Comestibles
 f - 5 rations


   Skills:
 + Level 4.3 Fighting
 * Level 3.8 Axes
 + Level 3.6 Armour
 - Level 3.5 Shields


You had 2 spell levels left.
You didn't know any spells.

Dungeon Overview and Level Annotations

Branches:
Dungeon (3/15)

Altars:

Annotations:
D:3 Sinthome's ghost, amateur HOFi


Message History

You slash Sinthome's ghost!
Sinthome's ghost is severely damaged.
You miss the frilled lizard. You block the frilled lizard's attack.
You closely miss the frilled lizard. The frilled lizard closely misses you.
You barely miss Sinthome's ghost.
Sinthome's ghost is severely damaged.
You slash the frilled lizard!
You kill the frilled lizard!
You block Sinthome's ghost's attack.
You closely miss Sinthome's ghost.
Sinthome's ghost is severely damaged.
Sinthome's ghost closely misses you.
Sinthome's ghost ripples.
Sinthome's ghost hits you!
* * * LOW HITPOINT WARNING * * *
Unknown command.
Your shield and ring mail prevent you from hitting Sinthome's ghost.
Sinthome's ghost is severely damaged.
Sinthome's ghost hits you!
You die...

... # #<# ## ###.## #
.#########....# .#
...§§§§§§.##..######.###
...§#####.##............
....# #.##............
....# #.##.....†......
....# #..'....@W......
†...# #.##............
....# #.##..<.........
....# #.##............
....# #............
##### ....##########
###.. #.. #.(


You could see Sinthome's ghost.

Vanquished Creatures
  An adder (D:2)
  2 dart slugs (D:1)
  A leopard gecko (D:1)
  8 bats
  A giant cockroach (D:1)
  2 goblins (D:1)
  3 hobgoblins (D:1)
  7 kobolds
  A quokka (D:2)
  9 frilled lizards
  4 rats
39 creatures vanquished.

Notes
Turn   | Place    | Note
-------+----------+-------------------------------------------
     0 | D:1      | Sinthome the Hill Orc Fighter began the quest for the Orb.
     0 | D:1      | Reached XP level 1. HP: 19/19 MP: 1/1
    58 | D:1      | Reached XP level 2. HP: 26/27 MP: 2/2
   100 | D:1      | Reached skill level 4 in Fighting
   562 | D:1      | Reached XP level 3. HP: 33/33 MP: 3/3
  1394 | D:3      | Noticed Sinthome's ghost (amateur HOFi)
  1446 | D:3      | Slain by Sinthome's ghost

Vault maps used:
D:1:      minmay_arrival_up_and_down, minmay_strange_pillars
D:2:      first_ration
D:3:      marbit_many_paths, chequers_ecumenical_altar_island,
          uniq_crazy_yiuf_cottage

Skill      XL: |  1  2 |
---------------+-------+-----
Fighting       | 4 |  4.3
Axes           | 3 |  3.8
Armour         | |  3.6
Shields        | |  3.5

Action                   || total
-------------------------++-------
Melee: War axe           ||   122
  Use: Scroll            ||     6
       Potion            ||     2
 Stab: Invisible         ||     4
Armor: Scale mail        ||    28
       Ring mail         ||    18
Dodge: Dodged            ||    43
Block: Shield            ||    72

Table legend:
 A = Spawn XP
 B = Non-spawn XP
 C = Spawn XP percentage of total XP
 D = Spawn monster count
 E = Non-spawn monster count
 F = Spawn count percentage of total count
 G = Total turns spent on level
                    A         B        C        D         E        F      G
               +---------+---------+-------+---------+---------+-------+---------
         Total |       0 |      72 |   0.0 |       0 |      39 |   0.0 |  1446
               +---------+---------+-------+---------+---------+-------+---------
           D:1 |       0 |      39 |   0.0 |       0 |      21 |   0.0 |   639
           D:2 |       0 |      27 |   0.0 |       0 |      14 |   0.0 |   755
           D:3 |       0 |       6 |   0.0 |       0 |       4 |   0.0 |    52
               +---------+---------+-------+---------+---------+-------+---------
